 Dungeon Crawl Stone Soup version 0.20.1-1-g8b1a95d (webtiles) character file.

238 gobwax the Insei (level 6, 0/47 HPs)
             Began as a Formicid Monk on Aug 24, 2017.
             Slain by a ball python (1 damage)
             ... in a sewer.
             The game lasted 00:07:04 (3114 turns).

gobwax the Insei (Formicid Monk)                    Turns: 3114, Time: 00:07:06

Health: 0/47       AC:  3    Str: 20    XL:     6   Next: 28%
Magic:  6/6        EV: 10    Int: 10    God:
Gold:   108        SH:  0    Dex: 15    Spells: 5/5 levels left

rFire    . . .     SeeInvis +     - Unarmed
rCold    . . .     Gourm    .   (no shield)
rNeg     . . .     Faith    .   a - +0 robe
rPois    .         Spirit   .   (helmet unavailable)
rElec    .         Reflect  .   (no cloak)
rCorr    .         Harm     .   d - +0 pair of gloves
MR       .....                  (no boots)
Stlth    ++........             (no amulet)
Regen    0.2/turn               (no ring)
MPRegen  0.1/turn               (no ring)

@: mighty, lethally poisoned (0 -> -4), flying, very slightly contaminated,
constricted, invisible
A: permanent stasis, dig shafts and tunnels, four strong arms, antennae 3
a: Dig, Shaft Self


You were in a sewer.
You were hungry.

You visited 1 branch of the dungeon, and saw 3 of its levels.
You also visited: Sewer.

You collected 108 gold pieces.

Inventory:

Armour
 a - a +0 robe (worn)
 d - a +0 pair of gloves (worn)
Jewellery
 k - an uncursed amulet of guardian spirit {unknown}
 m - an uncursed amulet of faith {unknown}
Scrolls
 f - 3 scrolls of teleportation {unknown}
 g - 2 scrolls of fear {unknown}
 h - 2 scrolls of identify {unknown}
 q - a scroll of remove curse {unknown}
 s - 2 scrolls of blinking {unknown}
 t - a scroll of recharging {unknown}
 u - a scroll of magic mapping {unknown}
Potions
 j - 3 potions of haste
Books
 o - a book of Minor Magic

   Spells                             Type                      Level
   a - Magic Dart                     Conjuration                  1
   b - Blink                          Translocation                2
   c - Call Imp                       Summoning                    2
   d - Slow                           Hexes                        2
   e - Conjure Flame                  Conjuration/Fire             3
   f - Mephitic Cloud                 Conjuration/Poison/Air       3
Comestibles
 b - 3 bread rations
 c - 7 fruits
 p - a meat ration
 r - 2 chunks of flesh


   Skills:
 - Level 3.2 Fighting
 - Level 2.6 Dodging
 - Level 2.4 Stealth
 * Level 6.6 Unarmed Combat


You had 5 spell levels left.
You didn't know any spells.

Dungeon Overview and Level Annotations

Branches:
Dungeon (3/15)

Altars:
Makhleb
Sif Muna


Innate Abilities, Weirdness & Mutations

You cannot be hasted, slowed, berserked, paralysed or teleported.
You can dig through walls and to a lower floor.
Your four strong arms can wield two-handed weapons with a shield.
You have a pair of large antennae on your head. (SInv)


Message History

Your stasis prevents you from going berserk.
The ball python bites you but does no damage.
* * * LOW HITPOINT WARNING * * *
The ball python constricts you. The adder bites you but does no damage.
The rat splashes around in the water.
It was a potion of invisibility.
You fade into invisibility!
* * * LOW HITPOINT WARNING * * *
You feel sick. The adder barely misses you.
The ball python bites you but does no damage.
* * * LOW HITPOINT WARNING * * *
The ball python constricts you. The rat barely misses you.
You are very lightly contaminated with residual magic.
It was a potion of might.
You feel very mighty all of a sudden. The adder closely misses you.
The ball python barely misses you. The ball python constricts you.
The rat barely misses you. The adder bites you.
* * * LOW HITPOINT WARNING * * *
The ball python barely misses you.
You die...

. .. ... ...#
################## ....#
.#≈≈≈≈≈≈≈≈≈#≈≈†≈@#.....#
.≈≈≈≈≈≈≈≈.≈.≈≈†rSSS...#
..≈≈≈≈≈≈≈.[≈≈≈†≈rr....#
.≈≈≈≈≈≈≈≈..≈≈≈≈≈≈.....#
.≈≈≈≈≈≈≈≈.≈≈≈≈≈≈≈≈...##
..≈≈≈≈≈≈≈≈.≈≈≈≈≈≈#.###
#################### ###
..#


You could see an adder, 2 ball pythons and 3 rats.

Vanquished Creatures
  13 adders
  2 river rats (Sewer)
  3 oozes
  2 worms (D:2)
  3 dart slugs
  A leopard gecko (D:2)
  3 giant cockroaches
  5 goblins
  6 hobgoblins
  A jackal (D:2)
  2 quokkas
  5 ball pythons
  10 bats
  2 frilled lizards
  5 kobolds
  29 rats
92 creatures vanquished.

Notes
Turn   | Place    | Note
-------+----------+-------------------------------------------
     0 | D:1      | gobwax the Formicid Monk began the quest for the Orb.
     0 | D:1      | Reached XP level 1. HP: 18/18 MP: 1/1
    20 | D:1      | Reached XP level 2. HP: 16/24 MP: 2/2
   523 | D:1      | Reached skill level 4 in Unarmed Combat
   523 | D:1      | Reached XP level 3. HP: 29/29 MP: 3/3
   876 | D:1      | You fall through a shaft!
  1225 | D:2      | Reached XP level 4. HP: 33/35 MP: 4/4
  1304 | D:2      | Reached skill level 5 in Unarmed Combat
  1574 | D:2      | Reached XP level 5. HP: 36/41 MP: 5/5
  1979 | D:3      | Found a burning altar of Makhleb.
  2074 | D:3      | Found a deep blue altar of Sif Muna.
  2436 | D:3      | Reached skill level 6 in Unarmed Combat
  2499 | D:3      | Found a glowing drain.
  2536 | Sewer    | Entered a sewer
  2842 | Sewer    | Reached XP level 6. HP: 38/47 MP: 6/6
  3114 | Sewer    | HP: 1/47 [adder (3)]
  3114 | Sewer    | Slain by a ball python

Skill      XL: |  1  2  3  4  5 |
---------------+----------------+-----
Unarmed Combat | 4 5 6 |  6.6
Fighting       | |  3.2
Dodging        | |  2.6
Stealth        | |  2.4

Action                   |  1- 3 |  4- 6 || total
-------------------------+-------+-------++-------
Melee: Unarmed           |   101 |   250 ||   351
       Punch             |     1 |     3 ||     4
  Use: Potion            |       |     5 ||     5
 Stab: Sleeping          |     7 |     6 ||    13
       Distracted        |     1 |       ||     1
  Eat: Chunk             |     1 |     6 ||     7
Armor: Robe              |    29 |    59 ||    88
Dodge: Dodged            |    60 |   200 ||   260
